 Dungeon Crawl Stone Soup version 0.23-b1-49-g13d5857 (webtiles) character file.

Game seed: 12276269409204583542

446 Kairos the Shield-Bearer (level 7, -1/37 HPs)
             Began as a Vine Stalker Fighter on Feb 3, 2019.
             Slain by Pikel
             ... wielding a +2 whip of flaming
              (2 damage)
             ... on level 3 of the Dungeon.
             The game lasted 00:05:17 (2319 turns).

Kairos the Shield-Bearer (Vine Stalker Fighter)     Turns: 2319, Time: 00:05:18

Health: -1/37      AC:  9    Str: 25    XL:     7   Next: 3%
Magic:  0/8        EV:  8    Int:  8    God:
Gold:   193        SH: 10    Dex: 14    Spells: 6/6 levels left

rFire    . . .     SeeInvis .   a - +2 war axe
rCold    . . .     Gourm    .   c - +0 shield
rNeg     + . .     Faith    .   b - +0 scale mail
rPois    .         Spirit   +   p - +0 helmet
rElec    .         Reflect  .   j - +0 cloak
rCorr    .         Harm     .   (no gloves)
MR       .....                  (no boots)
Stlth    ..........             i - amulet of rage
HPRegen  0.52/turn              g - ring of positive energy
MPRegen  0.11/turn              (no ring)

@: mighty, berserk cooldown
A: fangs 2, regeneration 1, magic shield, antimagic bite, no potion heal 3, rot
immunity
a: Evoke Berserk Rage


You were on level 3 of the Dungeon.
You were not hungry.

You visited 1 branch of the dungeon, and saw 4 of its levels.

You collected 193 gold pieces.

Inventory:

Hand Weapons
 a - a +2 war axe (weapon)
Armour
 b - a +0 scale mail (worn)
 c - a +0 shield (worn)
 j - a +0 cloak (worn)
 p - a +0 helmet (worn)
Jewellery
 g - a ring of positive energy (left hand)
 i - an amulet of rage (around neck)
Wands
 v - a wand of polymorph (7)
Scrolls
 h - 2 scrolls of teleportation {unknown}
 k - a scroll of immolation {unknown}
 l - a scroll of remove curse
 m - 2 scrolls of enchant weapon
 o - 3 scrolls of identify {unknown}
 q - a scroll of blinking {unknown}
 r - a scroll of magic mapping {unknown}
 s - a scroll of amnesia {unknown}
Potions
 d - a potion of might
 e - 4 potions of curing
 n - a potion of cancellation {unknown}
 t - a potion of heal wounds {unknown}
 u - a potion of mutation {unknown}
Comestibles
 f - a ration


   Skills:
 + Level 3.7 Fighting
 + Level 3.9 Axes
 + Level 3.6 Armour
 + Level 1.2 Dodging
 + Level 0.7 Stealth
 + Level 3.9 Shields
 + Level 0.1 Unarmed Combat
 + Level 0.6 Evocations


You had 6 spell levels left.
You didn't know any spells.
Your spell library was empty.

Dungeon Overview and Level Annotations

Branches:
Dungeon (4/15)
 Temple: D:4-7

Altars:
Sif Muna
Uskayaw
Vehumet

Annotations:
D:3 Pikel


Innate Abilities, Weirdness & Mutations

You have extremely sharp teeth.
Your natural rate of healing is unusually fast.
When hurt, damage is shared between your health and your magic reserves.
Your bite disrupts and absorbs the magic of your enemies.
Potions cannot restore your health.
You are immune to rotting.


Message History

* * * LOW HITPOINT WARNING * * *
You block the slave's attack. Pikel hits you but does no damage.
The slave hits you but does no damage.
As you read the scroll labeled XEECHI MUOPS, it crumbles to dust.
It is a scroll of enchant weapon.
Your +0 war axe glows red for a moment.
You feel yourself speed up. Pikel completely misses you.
You block the slave's attack. Pikel hits you but does no damage.
You block the slave's attack.
As you read the scroll of enchant weapon, it crumbles to dust.
Your +1 war axe glows red for a moment.
You block Pikel's attack. The slave hits you.
* * * LOW HITPOINT WARNING * * *
You slash Pikel! Your bite misses Pikel.
Pikel is severely wounded.
You hit the slave.
Pikel hits you with a +2 whip of flaming!
* * * LOW HITPOINT WARNING * * *
Pikel burns you.
You die...

.....##.######.###.##########
#. ####.##.# #...#..........#
## #.##.# ###.........##.# #
#.##.# #.#.#####.##.# #
#....########.#...# #.##.# #
#.............###.#
#.##.##### #.###########.#
#.# #.##...... ####..#
#K###.###.######## ....(.##
#@##...#.......... ...(...#
#p#.###...######## (####..#
#p.## ##..# #####..# #..#
#..# ....(..# ##.## ##<.##
#.####.# ##.###....## #.##
#.# ##....###.# #..# #.#
##########.#.# #.# ##.# #.#
#........#.(.###.#


You could see Pikel and 2 slaves.

Vanquished Creatures
  A hippogriff (D:3)
  A big kobold (D:3)
  The ghost of dscm the Digger, a weakling OpEE (D:3)
  Jessica (D:3)
  6 adders
  2 oozes
  2 worms
  2 dart slugs (D:1)
  3 leopard geckos
  2 orcs (D:3)
  9 bats
  A giant cockroach (D:1)
  6 hobgoblins
  11 kobolds
  A quokka (D:3)
  4 frilled lizards
  9 goblins
  10 rats
72 creatures vanquished.

Vanquished Creatures (others)
  2 fungi (D:3)
  2 plants (D:3)
4 creatures vanquished.

Grand Total: 76 creatures vanquished

Notes
Turn   | Place    | Note
-------+----------+-------------------------------------------
     0 | D:1      | Kairos the Vine Stalker Fighter began the quest for the
                  | Orb.
     0 | D:1      | Reached XP level 1. HP: 11/11 MP: 2/2
    80 | D:1      | Reached XP level 2. HP: 10/16 MP: 3/3
   379 | D:1      | Reached XP level 3. HP: 15/20 MP: 4/4
   812 | D:2      | Gained mutation: Your natural rate of healing is unusually
                  | fast. [Vine Stalker growth]
   812 | D:2      | Reached XP level 4. HP: 13/24 MP: 5/5
   905 | D:2      | Found a radiant altar of Vehumet.
   909 | D:2      | Found a deep blue altar of Sif Muna.
   912 | D:2      | Found a hide-covered altar of Uskayaw.
  1167 | D:3      | Noticed a hippogriff
  1205 | D:3      | Killed a hippogriff
  1205 | D:3      | Reached skill level 1 in Dodging
  1205 | D:3      | Reached XP level 5. HP: 19/28 MP: 4/6
  1205 | D:3      | Reached XP level 6. HP: 22/32 MP: 4/7
  1560 | D:3      | Found a runed translucent gate.
  1561 | D:3      | Found a runed translucent gate.
  1564 | D:3      | Found a runed translucent gate.
  1564 | D:3      | Identified the +1 short sword of Prudence {pain, *Corrode
                  | +Inv Str+2 SInv}
  1564 | D:3      | Noticed dscm's ghost (weakling OpEE)
  1850 | D:3      | Noticed Jessica
  1901 | D:3      | Killed Jessica
  2129 | D:3      | Killed dscm's ghost
  2132 | D:3      | Reached XP level 7. HP: 15/37 MP: 5/8
  2295 | D:4      | Noticed Pikel
  2319 | D:3      | HP: 1/37 [Pikel/+2 whip of flaming (4)]
  2319 | D:3      | Slain by Pikel

Skill      XL: |  1  2  3  4 |
---------------+-------------+-----
Axes           | 2 3 |  3.9
Fighting       | 3 |  3.7
Shields        | 3 |  3.9
Armour         | 3 |  3.6
Dodging        | 1 |  1.2
Stealth        | |  0.7
Unarmed Combat | |  0.1
Evocations     | |  0.6

Action                   |  1- 3 |  4- 6 |  7- 9 || total
-------------------------+-------+-------+-------++-------
Melee: War axe           |    64 |   102 |    16 ||   182
       Bite              |    14 |    25 |     5 ||    44
       Unarmed           |       |     2 |       ||     2
 Abil: Evoke Berserk Rag |       |     3 |     1 ||     4
  Use: Scroll            |       |     1 |     2 ||     3
       Potion            |       |     1 |     1 ||     2
  Eat: Ration            |       |     1 |     2 ||     3
       Chunk             |       |     2 |       ||     2
Armor: Scale mail        |    37 |    55 |    15 ||   107
Dodge: Dodged            |    24 |    33 |    16 ||    73
Block: Shield            |    40 |    62 |    22 ||   124
